 Dungeon Crawl Stone Soup version 0.29-a0-1009-g60c99734e7 (webtiles) character file.

Game seed: 16358365390464153921

72 Sobieck the Digger (level 4, -1/35 HPs)
             Began as a Ghoul Earth Elementalist on Aug 8, 2022.
             Slain by an iguana (3 damage)
             ... on level 3 of the Dungeon.
             The game lasted 00:04:30 (2589 turns).

Sobieck the Digger (Ghoul Earth Elementalist)       Turns: 2589, Time: 00:04:31

Health: -1/35      AC:  2    Str: 11    XL:     4   Next: 26%
Magic:  1/6        EV: 12    Int: 12    God:
Gold:   144        SH:  0    Dex:  9    Spells: 6/7 levels left

rFire   . . .      SeeInvis .   b - +0 sling
rCold   + + .      Faith    .   (no shield)
rNeg    + + +      Spirit   .   a - +0 robe
rPois   ∞          Reflect  .   (no helmet)
rElec   .          Harm     .   (no cloak)
rCorr   .          Rampage  .   (no gloves)
Will    .....                   (no boots)
Stlth   ++........              (no amulet)
HPRegen 0.00/turn               v - ring of protection from cold
MPRegen 0.10/turn               (no ring)

@: very slightly contaminated, inhibited regen
A: claws 1, cold resistance 1, negative energy resistance 3, inhibited
regeneration, torment resistance 2, devour on kill
a: no special abilities


You were on level 3 of the Dungeon.
You visited 1 branch of the dungeon, and saw 3 of its levels.

You collected 144 gold pieces.


Innate Abilities, Weirdness & Mutations

You are immune to poison.
You have sharp fingernails.
Your flesh is cold resistant. (rC+)
You are immune to negative energy. (rN+++)
You do not regenerate when monsters are visible.
You are immune to unholy pain and torment.
You thrive by killing the living.


   Skills:
 + Level 1.5 Fighting
 - Level 1.7 Dodging
 + Level 3.0 Stealth
 + Level 2.2 Spellcasting
 - Level 0.8 Transmutations
 * Level 4.3 Earth Magic


You had 6 spell levels left.
You knew the following spells:

 Your Spells              Type           Power      Damage    Failure   Level
a - Sandblast             Erth           22%        2d7       4%          1

Your spell library contained the following spells:

 Spells                   Type           Power      Damage    Failure   Level
 Passwall                 Tmut/Erth      5%         N/A       14%         2
 Apportation              Tloc           2%         N/A       26%         1
 Necrotise                Necr           4%         1d4       26%         1
 Summon Small Mammal      Summ           4%         N/A       26%         1
 Stone Arrow              Conj/Erth      12%        3d7       32%         3
 Summon Guardian Golem    Hex/Summ       1%         N/A       63%         3
 Petrify                  Tmut/Erth      7%         N/A       67%         4
 Orb of Destruction       Conj           0%         9d5       100%        7
 Spellforged Servitor     Conj/Summ      0%         N/A       100%        7

Inventory:

Hand Weapons
 b - a +0 sling (weapon)
   (You found it on level 2 of the Dungeon)
 d - a +0 short sword {short}
   (You found it on level 1 of the Dungeon)
 e - a +0 club {mace}
   (You took it off a goblin on level 1 of the Dungeon)
 f - a +0 club {mace}
   (You took it off a kobold on level 1 of the Dungeon)
 g - a +0 dagger {short}
   (You took it off a kobold on level 1 of the Dungeon)
 j - a +0 club {mace}
   (You took it off a kobold on level 1 of the Dungeon)
 o - a +0 dagger {short}
   (You took it off a goblin on level 1 of the Dungeon)
 r - a +0 dagger {short}
   (You found it on level 1 of the Dungeon)
 x - a +0 club {mace}
   (You took it off a goblin on level 2 of the Dungeon)
 B - a +0 dagger {short}
   (You took it off a goblin on level 2 of the Dungeon)
 E - a +0 hand axe {axe}
   (You took it off an orc on level 3 of the Dungeon)
 G - a +0 short sword {short}
   (You took it off a kobold on level 3 of the Dungeon)
Missiles
 c - 32 stones {throwing}
Armour
 a - a +0 robe (worn)
 l - a +0 leather armour
   (You found it on level 1 of the Dungeon)
 p - a +0 robe
   (You found it on level 1 of the Dungeon)
 s - a +0 ring mail
   (You found it on level 2 of the Dungeon)
 u - a +0 scale mail
   (You found it on level 2 of the Dungeon)
 F - a +0 leather armour
   (You took it off an orc on level 3 of the Dungeon)
Jewellery
 v - a ring of protection from cold (left claw)
   (You found it on level 2 of the Dungeon)
Wands
 C - a wand of polymorph (1)
   (You found it on level 2 of the Dungeon)
Scrolls
 h - a scroll of enchant weapon {unknown}
 i - a scroll of vulnerability {unknown}
 k - 3 scrolls of blinking {unknown}
 n - 2 scrolls of identify {unknown}
 q - a scroll of poison {unknown}
 t - a scroll of brand weapon {unknown}
Potions
 m - 2 potions of curing {unknown}
 w - a potion of heal wounds {unknown}
 y - a potion of magic
 z - a potion of brilliance {unknown}
 A - 2 potions of degeneration {unknown}
 D - a potion of might {unknown}

Dungeon Overview and Level Annotations

Branches:
Dungeon (3/15) Zot: 15359

Altars:
Uskayaw

.. ##.# ### ...# .....#
#..# .....# #..# .....#
#..##.## .....# # #l.....#
.....# #.#######@###
.....# #.......#.#.#.#
.....#####...........##
....................>....
...........###.#####.###.#
.#####...#............# .#
#.....#.###.########
.###.#...#.# #.#
..##.#...#.###.#


You could see an iguana.


Message History

You kill the adder!
Casting: Sandblast (safe; 4% risk of failure)
Confirm with . or Enter, or press ? or * to list all spells.
Okay, then.
Unknown command.
b - a +0 sling (weapon)
You see here an adder corpse.
You now have 134 gold pieces (gained 15).
A bat comes into view.
You see here 10 gold pieces.
Danger!
You shoot a sling bullet.
The sling bullet hits the bat but does no damage.
You shoot a sling bullet.
The sling bullet closely misses the bat.
The bat hits you.
You shoot a sling bullet. The sling bullet barely misses the bat.
The bat misses you. The bat hits you but does no damage.
You shoot a sling bullet. The sling bullet barely misses the bat.
The bat closely misses you.
You shoot a sling bullet.
The sling bullet closely misses the bat.
The bat barely misses you. The bat hits you but does no damage.
You shoot a sling bullet.
The sling bullet closely misses the bat.
The bat closely misses you. The bat hits you.
You shoot a sling bullet.
The sling bullet closely misses the bat.
The bat barely misses you.
You shoot a sling bullet. The sling bullet hits the bat.
The bat misses you. The bat closely misses you.
You shoot a sling bullet.
The sling bullet hits the bat but does no damage.
The bat closely misses you. x2
No target in view!
The bat closely misses you.
A bat is nearby!
Danger!
You shoot a sling bullet. The sling bullet misses the bat.
The bat hits you but does no damage. The bat barely misses you.
You shoot a sling bullet. The sling bullet hits the bat.
You kill the bat!
No target in view!
No target in view!
You now have 144 gold pieces (gained 10).
You see here a bat corpse.
Found a stone staircase leading down.
Unknown command.
An iguana comes into view.
Danger!
You shoot a sling bullet. The sling bullet hits the iguana.
The iguana hisses angrily.
You shoot a sling bullet.
The sling bullet hits the iguana but does no damage.
You shoot a sling bullet. The sling bullet hits the iguana.
Casting: Sandblast (safe; 4% risk of failure)
Confirm with . or Enter, or press ? or * to list all spells.
Aiming: Sandblast (safe; 4% risk of failure)
Press: ? - help, Shift-Dir - straight line, f/p - iguana
Aim: an iguana (lightly wounded, 84% to hit)
The blast of sand hits the iguana.
Casting: Sandblast (safe; 4% risk of failure)
Confirm with . or Enter, or press ? or * to list all spells.
Aiming: Sandblast (safe; 4% risk of failure)
Press: ? - help, Shift-Dir - straight line, f/p - iguana
Aim: an iguana (moderately wounded, 84% to hit)
The blast of sand hits the iguana.
The iguana barely misses you. The iguana misses you.
Casting: Sandblast (safe; 4% risk of failure)
Confirm with . or Enter, or press ? or * to list all spells.
Aiming: Sandblast (safe; 4% risk of failure)
Press: ? - help, Shift-Dir - straight line, f/p - iguana
Aim: an iguana (heavily wounded, 84% to hit)
You miscast Sandblast.
You are very lightly contaminated with residual magic.
Nothing appears to happen.
The iguana closely misses you.
Casting: Sandblast (safe; 4% risk of failure)
Confirm with . or Enter, or press ? or * to list all spells.
Aiming: Sandblast (safe; 4% risk of failure)
Press: ? - help, Shift-Dir - straight line, f/p - iguana
Aim: an iguana (heavily wounded, 84% to hit)
The blast of sand hits the iguana.
The iguana bites you! x2
* * * LOW HITPOINT WARNING * * *
Casting: Sandblast (safe; 4% risk of failure)
Confirm with . or Enter, or press ? or * to list all spells.
Aiming: Sandblast (safe; 4% risk of failure)
Press: ? - help, Shift-Dir - straight line, f/p - iguana
Aim: an iguana (severely wounded, 84% to hit)
The blast of sand hits the iguana but does no damage.
The iguana bites you.
* * * LOW HITPOINT WARNING * * *
The iguana bites you!
* * * LOW HITPOINT WARNING * * *
Casting: Sandblast (safe; 4% risk of failure)
Confirm with . or Enter, or press ? or * to list all spells.
Aiming: Sandblast (safe; 4% risk of failure)
Press: ? - help, Shift-Dir - straight line, f/p - iguana
Aim: an iguana (severely wounded, 84% to hit)
The blast of sand hits the iguana but does no damage.
The iguana bites you.
You die...

Skill      XL: |  1  2  3 |
---------------+----------+-----
Spellcasting   | 2 |  2.2
Fighting       | 1 |  1.5
Earth Magic    | 4 |  4.3
Stealth        | 3 |  3.0
Dodging        | |  1.7
Transmutations | |  0.8

Action                   |  1- 3 |  4- 6 || total
-------------------------+-------+-------++-------
Melee: Unarmed           |    56 |       ||    56
 Fire: Sling             |    57 |    17 ||    74
 Cast: Sandblast         |    18 |     6 ||    24
 Stab: Sleeping          |     2 |       ||     2
Armor: Robe              |    13 |     3 ||    16
Dodge: Dodged            |    45 |    15 ||    60

Levels and vault maps discovered:
D:1:      minmay_arrival_cross, layout_loops_ring
D:2:      layout_basic, ebering_ecumenical_altar_ruins, minmay_crystal_water,
          kennysheep_decorative_pillar
D:3:      layout_basic, nicolae_uskayaw_en_pointe

Notes
Turn   | Place    | Note
-------+----------+-------------------------------------------
     0 | D:1      | Sobieck the Ghoul Earth Elementalist began the quest for
                  | the Orb.
     0 | D:1      | Reached XP level 1. HP: 14/14 MP: 2/2
     6 | D:1      | You pick up a book of Cantrips and begin reading...
     6 | D:1      | You add the spells Necrotise, Summon Small Mammal and
                  | Apportation to your library.
   401 | D:1      | Reached XP level 2. HP: 20/22 MP: 3/3
  1122 | D:2      | Found a faded altar of an unknown god.
  1127 | D:2      | Reached skill level 2 in Spellcasting
  1529 | D:2      | Reached skill level 1 in Fighting
  1529 | D:2      | Reached XP level 3. HP: 28/28 MP: 2/5
  1844 | D:2      | You pick up a book of Dangerous Friends and begin
                  | reading...
  1844 | D:2      | You add the spells Summon Guardian Golem, Orb of
                  | Destruction and Spellforged Servitor to your library.
  1972 | D:3      | Noticed a +0 spear
  1973 | D:3      | Noticed a +0 short sword
  2001 | D:3      | Reached skill level 4 in Earth Magic
  2183 | D:3      | Found a hide-covered altar of Uskayaw.
  2183 | D:3      | Noticed a +0 short sword
  2184 | D:3      | Noticed a +0 falchion
  2184 | D:3      | Noticed a +0 dagger
  2185 | D:3      | Noticed a +0 spear
  2185 | D:3      | Noticed a +0 dagger
  2192 | D:3      | Noticed a +0 falchion
  2294 | D:3      | Reached skill level 3 in Stealth
  2294 | D:3      | Reached XP level 4. HP: 25/35 MP: 1/6
  2588 | D:3      | HP: 2/35 [iguana (8)]
  2589 | D:3      | Slain by an iguana

Vanquished Creatures
  3 adders
  A worm (D:3)
  A dart slug (D:3)
  An orc (D:3)
  5 endoplasms
  A giant cockroach (D:2)
  4 goblins
  A hobgoblin (D:2)
  A quokka (D:1)
  3 ball pythons
  5 bats
  2 frilled lizards
  6 kobolds
  7 rats
41 creatures vanquished.

Table legend:
 A = Non-vault XP
 B = Vault XP
 C = Vault XP percentage of total XP
 D = Non-vault monster count
 E = Vault monster count
 F = Vault count percentage of total count
                 A         B        C        D         E       F
            +---------+---------+-------+---------+---------+-------
      Total |     104 |       0 |   0.0 |      41 |       0 |   0.0
            +---------+---------+-------+---------+---------+-------
        D:1 |      20 |       0 |   0.0 |      14 |       0 |   0.0
        D:2 |      29 |       0 |   0.0 |      11 |       0 |   0.0
        D:3 |      55 |       0 |   0.0 |      16 |       0 |   0.0
            +---------+---------+-------+---------+---------+-------

Illustrated notes

Table legend:
 A = Kills in this place as a percentage of kills in entire the game.
 B = Kills by you in this place as a percentage of kills by you in the entire game.
 C = Kills by friends in this place as a percentage of kills by friends in the entire game.
 D = Other kills in this place as a percentage of other kills in the entire game.
 E = Experience gained in this place as a percentage of experience gained in the entire game.
 F = Experience gained in this place divided by the number of levels of this place that you have seen.
                   A       B       C       D       E      F
               +-------+-------+-------+-------+-------+----------------------
         Total | 100.0 | 100.0 |   N/A |   N/A | 100.0 |  34.7
       Dungeon | 100.0 | 100.0 |   N/A |   N/A | 100.0 |  34.7
               +-------+-------+-------+-------+-------+----------------------

Table legend: (Time is in decaauts)
 A = Elapsed time spent in this place.
 B = Non-inter-level travel time spent in this place.
 C = Inter-level travel time spent in this place.
 D = Time resting spent in this place.
 E = Time spent auto-exploring this place.
 F = Levels seen in this place.
 G = Mean time per level.
                   A        B        C        D        E       F      G
               +--------+--------+--------+--------+--------+-----+--------+
         Total |   2638 |   2587 |     51 |    148 |   2092 |   3 |  879.3 |
       Dungeon |   2638 |   2587 |     51 |    148 |   2092 |   3 |  879.3 |
               +--------+--------+--------+--------+--------+-----+--------+

Top non-repeatable levels by time:
     D:1: 1115 daAuts
     D:2: 874 daAuts
     D:3: 649 daAuts
